3L
HOUSTON 1837 COLT .45S @ OAKLAND OAKS
08/14/2021
 
TOP OF THE 1ST
Houston 1837 Colt .45s batting - Pitching for Oakland Oaks : LHP Ronald Harmon
Pitching: LHP Ronald Harmon
Batting: RHB Bob Dickerson 0-0: Called Strike
0-1: Swinging Strike
0-2: Ball
1-2: Ball
2-2: Ground out 2-3 (Groundball, 2R)
Batting: LHB Mark McClear 0-0: Ground out 4-3 (Groundball, 4)
Batting: RHB Carlos Vela 0-0: Ball
1-0: Ball
2-0: Foul Ball, location: 2F
2-1: Swinging Strike
2-2: Foul Ball, location: 2F
2-2: Strikes out swinging
Top of the 1st over - 0 run(s), 0 hit(s), 0 error(s), 0 left on base; Houston 1837 0 - Oakland 0
BOTTOM OF THE 1ST
Oakland Oaks batting - Pitching for Houston 1837 Colt .45s : RHP Gary Bailey
Pitching: RHP Gary Bailey
Batting: LHB Todd Williams 0-0: Foul Ball, location: 2F
0-1: Fly out, F7 (Flyball, 78M)
Batting: SHB John Allen 0-0: SINGLE (Groundball, 56D)
Batting: LHB Johnny Hernández 0-0: Ball
1-0: Fly out, F3 (Popup, 3F)
Batting: RHB Jim Lee 0-0: Ball
1-0: Ball
2-0: Ball
3-0: Called Strike
3-1: Called Strike
3-2: Fly out, F8 (Flyball, 8LM)
Bottom of the 1st over - 0 run(s), 1 hit(s), 0 error(s), 1 left on base; Houston 1837 0 - Oakland 0
TOP OF THE 2ND
Houston 1837 Colt .45s batting - Pitching for Oakland Oaks : LHP Ronald Harmon
Batting: RHB Steve Hinkle 0-0: Ball
1-0: Ball
2-0: Ball
3-0: Called Strike
3-1: Called Strike
3-2: Foul Ball, location: 2F
3-2: Strikes out swinging
Batting: LHB Luis Rodríguez 0-0: Foul Ball, location: 2F
0-1: SINGLE (Groundball, 5D)
Batting: RHB Guillermo Montoya 0-0: Ball
1-0: Foul Ball, location: 2F
1-1: Ball
2-1: Swinging Strike
2-2: Ball
3-2: Fielders Choice at 2nd, 6-4 (Groundball, 6)
Batting: LHB Jack Robbins 0-0: Swinging Strike
0-1: Ball
1-1: Ball
2-1: Fly out, F8 (Line Drive, 8LM)
Top of the 2nd over - 0 run(s), 1 hit(s), 0 error(s), 1 left on base; Houston 1837 0 - Oakland 0
BOTTOM OF THE 2ND
Oakland Oaks batting - Pitching for Houston 1837 Colt .45s : RHP Gary Bailey
Batting: RHB Gabriel Maldonado 0-0: Foul Ball, location: 2F
0-1: Fly out, F7 (Flyball, 7D)
Batting: RHB Alden Wiley 0-0: Swinging Strike
0-1: Foul Ball, location: 2F
0-2: Ball
1-2: Strikes out swinging
Batting: LHB Edwin Church 0-0: Foul Ball, location: 2F
0-1: Foul Ball, location: 2F
0-2: Foul Ball, location: 2F
0-2: Ball
1-2: Ball
2-2: Foul Ball, location: 2F
2-2: Ball
3-2: DOUBLE (Groundball, 3L)
Batting: RHB Shi-young Chang 0-0: Ball
1-0: Called Strike
1-1: Ball
2-1: Foul Ball, location: 2F
2-2: Ball
3-2: SINGLE (Line Drive, 4M)
Edwin Church to third
Edwin Church scores
Batting: RHB Rafael Najcrea 0-0: Foul Ball, location: 2F
0-1: Foul Ball, location: 2F
0-2: Ball
1-2: Foul Ball, location: 2F
1-2: Foul Ball, location: 2F
1-2: TRIPLE (Line Drive, 8LM)
Shi-young Chang scores
Batting: LHB Todd Williams 0-0: Called Strike
0-1: Ball
1-1: Swinging Strike
1-2: Fly out, F9 (Popup, 9S)
Bottom of the 2nd over - 2 run(s), 3 hit(s), 0 error(s), 1 left on base; Houston 1837 0 - Oakland 2
TOP OF THE 3RD
Houston 1837 Colt .45s batting - Pitching for Oakland Oaks : LHP Ronald Harmon
Batting: LHB Chris Rice 0-0: Ball
1-0: Swinging Strike
1-1: Foul Ball, location: 2F
1-2: Ground out 4-3 (Groundball, 4M)
Batting: LHB Ray Merrill 0-0: Ball
1-0: Called Strike
1-1: Foul Ball, location: 2F
1-2: Ball
2-2: Strikes out swinging
Batting: RHB Bob Dickerson 0-0: Called Strike
0-1: Ground out 5-3 (Groundball, 56S)
Top of the 3rd over - 0 run(s), 0 hit(s), 0 error(s), 0 left on base; Houston 1837 0 - Oakland 2
BOTTOM OF THE 3RD
Oakland Oaks batting - Pitching for Houston 1837 Colt .45s : RHP Gary Bailey
Batting: SHB John Allen 0-0: Ball
1-0: SINGLE (Line Drive, 34)
Batting: LHB Johnny Hernández 0-0: Called Strike
0-1: Ball
1-1: Fielders Choice at 2nd, 4-6 (Groundball, 4)
Batting: RHB Jim Lee 0-0: Swinging Strike
0-1: Ball
1-1: Swinging Strike
1-2: Ball
2-2: Fly out, F9 (Flyball, 89D)
Batting: RHB Gabriel Maldonado 0-0: Called Strike
Johnny Hernández is caught stealing 2nd base
Bottom of the 3rd over - 0 run(s), 1 hit(s), 0 error(s), 0 left on base; Houston 1837 0 - Oakland 2
TOP OF THE 4TH
Houston 1837 Colt .45s batting - Pitching for Oakland Oaks : LHP Ronald Harmon
Batting: LHB Mark McClear 0-0: Called Strike
0-1: Ball
1-1: SINGLE (Line Drive, 6M)
Batting: RHB Carlos Vela 0-0: Ball
1-0: Ball
2-0: Grounds into double play, U6-3 (Groundball, 6M)
Batting: RHB Steve Hinkle 0-0: Called Strike
0-1: Foul Ball, location: 2F
0-2: Ball
1-2: SINGLE (Flyball, 6MD)
Batting: LHB Luis Rodríguez 0-0: Ball
1-0: Foul Ball, location: 2F
1-1: Ground out 3-1 (Groundball, 34S)
Top of the 4th over - 0 run(s), 2 hit(s), 0 error(s), 1 left on base; Houston 1837 0 - Oakland 2
BOTTOM OF THE 4TH
Oakland Oaks batting - Pitching for Houston 1837 Colt .45s : RHP Gary Bailey
Batting: RHB Gabriel Maldonado 0-0: Ball
1-0: Fly out, F6 (Popup, 6D)
Batting: RHB Alden Wiley 0-0: Ball
1-0: Ball
2-0: Bunted foul
2-1: Ground out 6-3 (Groundball, 6MS)
Batting: LHB Edwin Church 0-0: Ball
1-0: Ground out U3 (Groundball, 3)
Bottom of the 4th over - 0 run(s), 0 hit(s), 0 error(s), 0 left on base; Houston 1837 0 - Oakland 2
TOP OF THE 5TH
Houston 1837 Colt .45s batting - Pitching for Oakland Oaks : LHP Ronald Harmon
Batting: RHB Guillermo Montoya 0-0: Ball
1-0: Called Strike
1-1: Foul Ball, location: 2F
1-2: Foul Ball, location: 2F
1-2: Ground out 4-3 (Groundball, 4)
Batting: LHB Jack Robbins 0-0: Ball
1-0: Called Strike
1-1: Ball
2-1: DOUBLE (Groundball, 5)
Batting: LHB Chris Rice 0-0: SINGLE (Groundball, 6MD)
Jack Robbins to third
Runner from 3rd tries for Home, SAFE, no throw or cutoff
Batting: LHB Ray Merrill 0-0: Ball
1-0: Called Strike
1-1: Ball
2-1: SINGLE (Flyball, 6MD)
Chris Rice to second
Batting: RHB Bob Dickerson 0-0: Ball
1-0: Swinging Strike
1-1: Grounds into double play, 6-4-3 (Groundball, 6)
Top of the 5th over - 1 run(s), 3 hit(s), 0 error(s), 1 left on base; Houston 1837 1 - Oakland 2
BOTTOM OF THE 5TH
Oakland Oaks batting - Pitching for Houston 1837 Colt .45s : RHP Gary Bailey
Batting: RHB Shi-young Chang 0-0: Ball
1-0: Foul Ball, location: 2F
1-1: Ball
2-1: Swinging Strike
2-2: Foul Ball, location: 2F
2-2: Foul Ball, location: 2F
2-2: Ball
3-2: SINGLE (Groundball, 4MD)
Batting: RHB Rafael Najcrea 0-0: Ball
1-0: Grounds into double play, U6-3 (Groundball, 6)
Batting: LHB Todd Williams 0-0: Called Strike
0-1: Ball
1-1: Called Strike
1-2: Strikes out swinging
Bottom of the 5th over - 0 run(s), 1 hit(s), 0 error(s), 0 left on base; Houston 1837 1 - Oakland 2
TOP OF THE 6TH
Houston 1837 Colt .45s batting - Pitching for Oakland Oaks : LHP Ronald Harmon
Batting: LHB Mark McClear 0-0: Ball
1-0: Called Strike
1-1: Ball
2-1: Ball
3-1: Foul Ball, location: 2F
3-2: Ground out U3 (Groundball, 3)
Batting: RHB Carlos Vela 0-0: Ball
1-0: Ball
2-0: DOUBLE (Flyball, 7LD)
Pinch Runner at 2nd Juan Rodríguez:
Batting: RHB Steve Hinkle 0-0: Called Strike
0-1: Ground out 6-3 (Groundball, 6)
Juan Rodríguez to third
Batting: LHB Luis Rodríguez 0-0: Ball
1-0: Called Strike
1-1: SINGLE (Line Drive, 34D)
Juan Rodríguez scores
Batting: RHB Guillermo Montoya 0-0: Ball
1-0: Foul Ball, location: 2F
1-1: Ball
2-1: Fly out, F4 (Popup, 4MD)
Top of the 6th over - 1 run(s), 2 hit(s), 0 error(s), 1 left on base; Houston 1837 2 - Oakland 2
BOTTOM OF THE 6TH
Oakland Oaks batting - Pitching for Houston 1837 Colt .45s : RHP Gary Bailey
Batting: SHB John Allen 0-0: Ball
1-0: Foul Ball, location: 2F
1-1: Foul Ball, location: 2F
1-2: Foul Ball, location: 2F
1-2: Foul Ball, location: 2F
1-2: Ground out 4-3 (Groundball, 4)
Batting: LHB Johnny Hernández 0-0: Foul Ball, location: 2F
0-1: Foul Ball, location: 2F
0-2: Ball
1-2: Strikes out swinging
Batting: RHB Jim Lee 0-0: Called Strike
0-1: Foul Ball, location: 2F
0-2: Foul Ball, location: 2F
0-2: Ball
1-2: Fly out, F8 (Flyball, 89D)
Bottom of the 6th over - 0 run(s), 0 hit(s), 0 error(s), 0 left on base; Houston 1837 2 - Oakland 2
TOP OF THE 7TH
Houston 1837 Colt .45s batting - Pitching for Oakland Oaks : LHP Ronald Harmon
Batting: LHB Jack Robbins 0-0: Ball
1-0: Ball
2-0: Ground out 4-3 (Groundball, 4)
Batting: LHB Chris Rice 0-0: Called Strike
0-1: Fly out, F6 (Popup, 6)
Batting: LHB Ray Merrill 0-0: Called Strike
0-1: Ball
1-1: Foul Ball, location: 2F
1-2: Fly out, F9 (Line Drive, 9S)
Top of the 7th over - 0 run(s), 0 hit(s), 0 error(s), 0 left on base; Houston 1837 2 - Oakland 2
BOTTOM OF THE 7TH
Oakland Oaks batting - Pitching for Houston 1837 Colt .45s : RHP Gary Bailey
Batting: RHB Gabriel Maldonado 0-0: Foul Ball, location: 2F
0-1: Foul Ball, location: 2F
0-2: Fly out, F6 (Popup, 5)
Batting: RHB Alden Wiley 0-0: Ball
1-0: Ball
2-0: Foul Ball, location: 2F
2-1: Swinging Strike
2-2: Foul Ball, location: 2F
2-2: Strikes out looking
Batting: LHB Edwin Church 0-0: SINGLE (Groundball, 13) (infield hit)
Batting: RHB Shi-young Chang 0-0: Swinging Strike
0-1: Ball
1-1: Ball
2-1: Ground out 6-3 (Groundball, 6)
Bottom of the 7th over - 0 run(s), 1 hit(s), 0 error(s), 1 left on base; Houston 1837 2 - Oakland 2
TOP OF THE 8TH
Houston 1837 Colt .45s batting - Pitching for Oakland Oaks : LHP Ronald Harmon
Batting: RHB Bob Dickerson 0-0: Ball
1-0: Ball
2-0: Ball
3-0: Called Strike
3-1: Base on Balls
Pitching: LHP John Keller
Batting: LHB Mark McClear 0-0: Foul Ball, location: 2F
0-1: Bunted foul
0-2: Strikes out swinging
Batting: LHB Juan Rodríguez 0-0: Ball
1-0: Ball
2-0: Ball
3-0: Base on Balls
Bob Dickerson to second
Batting: RHB Steve Hinkle 0-0: Called Strike
0-1: Called Strike
0-2: Ball
1-2: Ball
2-2: Foul Ball, location: 2F
2-2: Ball
3-2: Grounds into double play, 6-4-3 (Groundball, 6)
Top of the 8th over - 0 run(s), 0 hit(s), 0 error(s), 1 left on base; Houston 1837 2 - Oakland 2
BOTTOM OF THE 8TH
Oakland Oaks batting - Pitching for Houston 1837 Colt .45s : RHP Gary Bailey
Pinch Hitting: RHB Miguel Fernández 0-0: Ball
1-0: Ground out 6-3 (Groundball, 6S)
Batting: LHB Todd Williams 0-0: Called Strike
0-1: Foul Ball, location: 2F
0-2: Foul Ball, location: 2F
0-2: Ball
1-2: Foul Ball, location: 2F
1-2: Foul Ball, location: 2F
1-2: Fly out, F4 (Popup, 34D)
Batting: SHB John Allen 0-0: Foul Ball, location: 2F
0-1: Foul Ball, location: 2F
0-2: Foul Ball, location: 2F
0-2: Strikes out swinging
Bottom of the 8th over - 0 run(s), 0 hit(s), 0 error(s), 0 left on base; Houston 1837 2 - Oakland 2
TOP OF THE 9TH
Houston 1837 Colt .45s batting - Pitching for Oakland Oaks : LHP John Keller
Pitching: RHP Robert Anderson
Now at 2B: Miguel Fernández
Batting: LHB Luis Rodríguez 0-0: Ground out 4-3 (Groundball, 4)
Pinch Hitting: LHB Brad Lawrence 0-0: Foul Ball, location: 2F
0-1: Ball
1-1: Ball
2-1: Ball
3-1: Foul Ball, location: 2F
3-2: Strikes out swinging
Batting: LHB Jack Robbins 0-0: Fly out, F6 (Popup, 4MD)
Top of the 9th over - 0 run(s), 0 hit(s), 0 error(s), 0 left on base; Houston 1837 2 - Oakland 2
BOTTOM OF THE 9TH
Oakland Oaks batting - Pitching for Houston 1837 Colt .45s : RHP Gary Bailey
Now in CF: Brad Lawrence
Batting: LHB Johnny Hernández 0-0: Foul Ball, location: 2F
0-1: Ball
1-1: Fly out, F9 (Flyball, 9M)
Batting: RHB Jim Lee 0-0: Foul Ball, location: 2F
0-1: Called Strike
0-2: Foul Ball, location: 2F
0-2: Foul Ball, location: 2F
0-2: Ball
1-2: Ball
2-2: Strikes out looking
Batting: RHB Gabriel Maldonado 0-0: Called Strike
0-1: Ball
1-1: Ground out 4-3 (Groundball, 4)
Bottom of the 9th over - 0 run(s), 0 hit(s), 0 error(s), 0 left on base; Houston 1837 2 - Oakland 2
TOP OF THE 10TH
Houston 1837 Colt .45s batting - Pitching for Oakland Oaks : RHP Robert Anderson
Batting: LHB Chris Rice 0-0: Called Strike
0-1: Ball
1-1: Swinging Strike
1-2: Foul Ball, location: 2F
1-2: Foul Ball, location: 2F
1-2: Foul Ball, location: 2F
1-2: Strikes out swinging
Batting: LHB Ray Merrill 0-0: Called Strike
0-1: Ball
1-1: Foul Ball, location: 2F
1-2: Ball
2-2: Strikes out looking
Batting: RHB Bob Dickerson 0-0: Foul Ball, location: 2F
0-1: Foul Ball, location: 2F
0-2: Ball
1-2: Ball
2-2: Ball
3-2: Foul Ball, location: 2F
3-2: Foul Ball, location: 2F
3-2: SINGLE (Line Drive, 4MD)
Pitching: RHP Joaquín Rodríguez
Batting: LHB Mark McClear 0-0: Ball
1-0: Called Strike
1-1: Ball
2-1: Foul Ball, location: 2F
2-2: DOUBLE (Line Drive, 9LM)
Bob Dickerson to third
Runner from 3rd tries for Home, SAFE, no throw or cutoff
Batting: LHB Juan Rodríguez 0-0: Fly out, F6 (Popup, 56D)
Top of the 10th over - 1 run(s), 2 hit(s), 0 error(s), 1 left on base; Houston 1837 3 - Oakland 2
BOTTOM OF THE 10TH
Oakland Oaks batting - Pitching for Houston 1837 Colt .45s : RHP Gary Bailey
Pitching: RHP Toshiro Saikawa
Batting: RHB Alden Wiley 0-0: Called Strike
0-1: Ball
1-1: Swinging Strike
1-2: Ball
2-2: Strikes out swinging
Batting: LHB Edwin Church 0-0: Ball
1-0: Swinging Strike
1-1: Foul Ball, location: 2F
1-2: Strikes out looking
Batting: RHB Shi-young Chang 0-0: Foul Ball, location: 2F
0-1: Ball
1-1: Swinging Strike
1-2: Strikes out looking
Bottom of the 10th over - 0 run(s), 0 hit(s), 0 error(s), 0 left on base; Houston 1837 3 - Oakland 2
This league is powered by Out of the Park Baseball, the baseball management simulation game for PC, Mac and Linux
Friday, January 22nd, 2016 - OOTP Baseball 16.9 Build 39